 Dungeon Crawl Stone Soup version 0.30-b1-2-g02819fbbbe (webtiles) character file.

Game seed: 1892986815107747216

521395 Brarox the Wrestler (level 24, -10/322 HPs)
             Began as a Troll Fighter on Nov 28, 2023.
             Was a High Priest of Wu Jian.
             Mangled by a green draconian monk (16 damage)
             ... on level 3 of the Realm of Zot on Nov 29, 2023.
             The game lasted 06:23:35 (52877 turns).

Brarox the Wrestler (Troll Fighter)                Turns: 52877, Time: 06:23:36

Health: -10/322    AC: 28    Str: 29    XL:     24   Next: 12%
Magic:  0/26       EV: 15    Int: 12    God:    Wu Jian [*****.]
Gold:   3265       SH: 29    Dex:  9    Spells: 19/29 levels left

rFire   + +          .
                       - Unarmed
rCold   + . .        K - +6 tower shield
rNeg    + . .        d - melded +2 robe {Archmagi}
rPois   ∞            x - +2 hat of the Bear Spirit {Spirit, Bear, *Rage Will++}
rElec   +            T - scarf {rC+ rF+}
rCorr   +            (gloves unavailable)
SInv    +            (boots unavailable)
Will    +++..        t - amulet of reflection
Stlth   +            O - ring of protection from fire
HPRegen 1.53/turn    f - ring "Ywaemaiv" {Wiz rCorr SInv Stlth+}
MPRegen 0.20/turn

%: reflection, clarity, guardian spirit, wizardry (x1)
@: statue-form, wereblooded, in a heavenly storm, glowing, studying Axes, very
slow
A: slow and powerful, torment resistance 1, boosted hp, large, unfitting armour,
claws 3, regeneration 1, (shaggy fur 1), (tough skin 1), horns 1, clarity,
deformed body, weak 1
}: 3/15 runes: decaying, silver, gossamer
a: End Transformation, Renounce Religion, Wall Jump, Serpent's Lash, Heavenly
Storm


You were on level 3 of the Realm of Zot.
You worshipped Wu Jian.
Wu Jian was extremely pleased with you.
You were a living statue of rough stone.
You visited 9 branches of the dungeon, and saw 44 of its levels.
You also visited: Ossuary, Ice Cave and Wizlab.

You collected 6319 gold pieces.
You spent 3054 gold pieces at shops.

Inventory:

Missiles
 M - 86 large rocks (quivered)
Armour
 d - a +2 robe of the Archmagi (melded)
 n - a +2 robe of willpower
 u - the +3 hat "Datitym" {Int+2}
   (You found it on level 4 of the Spider Nest)

   Int:       It affects your intelligence (+2).
 x - the +2 hat of the Bear Spirit (worn) {Spirit, Bear, *Rage Will++}
   (You found it on level 3 of the Vaults)

   Bear:      Going berserk makes the wearer exceptionally tough, and they are
   slowed for a shorter time afterward.
   *Rage:     It berserks you when you make melee attacks (+20% chance).
   Will:      It greatly increases your willpower.
 K - a +6 tower shield (worn)
 T - a scarf of resistance (worn)
Magical Staves
 a - a staff of earth
 X - the staff of earth "Ocso" {rN+ Str+8 Int+3 Dex-2}
   (You found it on level 1 of the Realm of Zot)

   [staff of earth]

   Base accuracy: +5 Base damage: 5 Base attack delay: 1.2 This weapon's minimum
   attack delay (0.6) is reached at skill level 12.
   Str:       It affects your strength (+8).
   Int:       It affects your intelligence (+3).
   Dex:       It affects your dexterity (-2).
   rN:        It protects you from negative energy.
   It falls into the 'Staves' category.
   It is a one-clawed weapon.
Jewellery
 e - the macabre finger necklace {Finger+ rN+}
   (You took it off a frost giant on level 5 of the Vaults)

   [amulet of nothing]

   Finger+:   It enables you to equip an extra ring.
   rN:        It protects you from negative energy.
 f - the ring "Ywaemaiv" (right claw) {Wiz rCorr SInv Stlth+}
   (You found it on level 15 of the Dungeon)

   [ring of wizardry]

   It improves your spell success rate.
   SInv:      It lets you see invisible.
   rCorr:     It protects you from acid and corrosion.
   Stlth:     It makes you more stealthy.
 t - an amulet of reflection (around neck)
 C - a +5 ring of evasion
 F - the ring "Rihogeed" {rC+ Int+2 Stlth+}
   (You found it on level 2 of the Depths)

   [ring of protection from cold]

   Int:       It affects your intelligence (+2).
   rC:        It protects you from cold.
   Stlth:     It makes you more stealthy.
 O - a ring of protection from fire (left claw)
 R - a ring of willpower
 U - the ring "Oliam" {rPois rF+ Stlth+}
   (You found it on level 2 of the Depths)

   [ring of protection from fire]

   rF:        It protects you from fire.
   rPois:     It protects you from poison.
   Stlth:     It makes you more stealthy.
 W - the ring of Evag {Wiz rC+ MP+9 Slay+3}
   (You acquired it on level 2 of the Orcish Mines)

   [ring of wizardry]

   It improves your spell success rate.
   Slay:      It affects your accuracy & damage with ranged weapons and melee
   (+3).
   rC:        It protects you from cold.
   MP:        It affects your magic capacity (+9).
 Y - a ring of protection from fire
Wands
 k - a wand of flame (113)
 r - a wand of quicksilver (14)
 B - a wand of iceblast (27)
 H - a wand of polymorph (33)
 I - a wand of charming (39)
 J - a wand of mindburst (22)
 Q - a wand of digging (3)
Scrolls
 b - 3 scrolls of butterflies
 g - 9 scrolls of poison
 h - 8 scrolls of teleportation
 i - 5 scrolls of fog
 o - 8 scrolls of magic mapping
 p - 8 scrolls of vulnerability
 w - 9 scrolls of immolation
 D - 8 scrolls of amnesia
 G - a scroll of silence
 L - 6 scrolls of fear
Potions
 c - 2 potions of might
 l - 9 potions of flight
 m - 12 potions of ambrosia
 q - 3 potions of cancellation
 s - 5 potions of magic
 v - 17 potions of curing
 z - 4 potions of haste
 A - 12 potions of brilliance
 E - 4 potions of berserk rage
 N - 7 potions of mutation
 P - 2 potions of lignification
 S - 5 potions of invisibility
 V - 7 potions of heal wounds
 Z - 3 potions of resistance
Miscellaneous
 j - a phial of floods
 y - a condenser vane


   Skills:
 + Level 15.8 Fighting
 - Level 9.9 Dodging
 - Level 16.6 Shields
 * Level 25.0 Unarmed Combat
 - Level 3.3 Spellcasting
 + Level 14.1 Transmutations
 + Level 18.2 Earth Magic


You had 19 spell levels left.
You knew the following spells:

 Your Spells              Type           Power      Damage    Failure   Level
a - Statue Form           Tmut/Erth      26%        N/A       3%          6
b - Wereblood             Tmut           36%        N/A       1%          2
c - Passwall              Tmut/Erth      33%        N/A       1%          2

Your spell library contained the following spells:

 Spells                   Type           Power      Damage    Failure   Level
 Beastly Appendage        Tmut           72%        N/A       1%          1
 Sandblast                Erth           90%        2d19      1%          1
 Stone Arrow              Conj/Erth      46%        3d9       1%          3
 Lee's Rapid Deconstruct  Erth           22%        3d13*     1%          5
 Spider Form              Tmut/Pois      19%        N/A       3%          3
 Leda's Liquefaction      Hex/Erth       11%        N/A       4%          4
 Borgnjor's Vile Clutch   Necr/Erth      11%        N/A       12%         5
 Foxfire                  Conj/Fire      4%         2x1d4     19%         1
 Slow                     Hex            4%         N/A       19%         1
 Summon Small Mammal      Summ           4%         N/A       19%         1
 Blink                    Tloc           2%         N/A       26%         2
 Ensorcelled Hibernation  Hex/Ice        2%         N/A       26%         2
 Lesser Beckoning         Tloc           2%         N/A       26%         2
 Scorch                   Fire           2%         2d5       26%         2
 Static Discharge         Conj/Air       2%         2-3/arc   26%         2
 Sublimation of Blood     Necr           1%         N/A       26%         2
 Alistair's Intoxication  Tmut/Pois      12%        N/A       26%         5
 Yara's Violent Unravell  Hex/Tmut       9%         3d6       26%         5
 Call Canine Familiar     Summ           1%         N/A       45%         3
 Confusing Touch          Hex            1%         N/A       45%         3
 Gell's Gravitas          Tloc           1%         N/A       45%         3
 Hailstorm                Conj/Ice       1%         3d3       45%         3
 Summon Guardian Golem    Hex/Summ       1%         N/A       45%         3
 Swiftness                Air            1%         N/A       45%         3
 Teleport Other           Tloc           1%         N/A       45%         3
 Tukima's Dance           Hex            1%         N/A       45%         3
 Vampiric Draining        Necr           1%         2d6       45%         3
 Vhi's Electric Charge    Tloc/Air       2%         N/A       45%         3
 Iron Shot                Conj/Erth      11%        9d3       52%         6
 Eringya's Noxious Bog    Tmut/Pois      9%         N/A       80%         6
 Anguish                  Hex/Necr       0%         N/A       86%         4
 Animate Dead             Necr           1%         N/A       86%         4
 Flame Wave               Conj/Fire      1%         2d4       86%         4
 Manifold Assault         Tloc           1%         N/A       86%         4
 Passage of Golubria      Tloc           1%         N/A       86%         4
 Summon Ice Beast         Ice/Summ       1%         N/A       86%         4
 Agony                    Necr           1%         N/A       99%         5
 Arcjolt                  Conj/Air       0%         1d10      99%         5
 Fireball                 Conj/Fire      0%         3d3       99%         5
 Iskenderun's Battlesphe  Conj           1%         2d6       99%         5
 Summon Forest            Summ/Tloc      0%         N/A       99%         5
 Summon Mana Viper        Hex/Summ       1%         N/A       99%         5
 Conjure Ball Lightning   Conj/Air       0%         3x3d6     100%        6
 Death Channel            Necr           0%         N/A       100%        6
 Dispersal                Tloc           0%         N/A       100%        6
 Plasma Beam              Fire/Air       0%         2x1d11    100%        6
 Summon Cactus Giant      Summ           0%         N/A       100%        6
 Enfeeble                 Hex            0%         N/A       100%        7
 Malign Gateway           Summ/Tloc      0%         N/A       100%        7
 Monstrous Menagerie      Summ           0%         N/A       100%        7
 Orb of Destruction       Conj           0%         9d5       100%        7
 Spellforged Servitor     Conj/Summ      0%         N/A       100%        7
 Storm Form               Tmut/Air       9%         N/A       100%        7
 Summon Hydra             Summ           0%         N/A       100%        7
 Borgnjor's Revivificati  Necr           0%         N/A       100%        8
 Infestation              Necr           0%         N/A       100%        8
 Necromutation            Tmut/Necr      9%         N/A       100%        8
 Summon Horrible Things   Summ           0%         N/A       100%        8
 Death's Door             Necr           0%         N/A       100%        9


Dungeon Overview and Level Annotations

Branches:
Dungeon (15/15)            Temple (1/1) D:5            Lair (5/5) D:11
  Swamp (4/4) Lair:3       Spider (4/4) Lair:3        Slime (0/5) Lair:4
    Orc (2/2) D:12            Elf (0/3) Orc:2        Vaults (5/5) D:14
  Crypt (0/3) Vaults:3     Depths (4/4) D:15            Zot (4/5) Depths:4
Ossuary (visited)           IceCv (visited)          WizLab (visited)

Altars:
Cheibriados
Elyvilon
Fedhas
Gozag
Hepliaklqana
Kikubaaqudgha
Nemelex Xobeh
Qazlal
Ru
Sif Muna
Trog
Uskayaw
Vehumet
Wu Jian
Xom
Yredelemnul
Zin

Shops:
D:1 (   D:12 *   Orc:2 [!:?   Vaults:5 !![?

Portals:
Hell: Depths:1 Depths:2 Depths:3 Depths:4
Abyss: Depths:3
Pandemonium: Depths:2 Depths:3 Depths:4
Ziggurat: Depths:3

Annotations:
D:8 3 runed translucent doors, NimIero's ghost, novice AtFE


Innate Abilities, Weirdness & Mutations

You are a living statue of rough stone.
Your actions are slow, but your melee attacks are powerful.
You are resistant to unholy torment.
Your maximum health is greatly increased.
You are immune to poison.
Your equipment is partially melded.
You are too large for most types of armour.
You have claws for hands.
Your natural rate of healing is unusually fast.
((You are covered in fur. (AC +1)))
((You have tough skin. (AC +1)))
You have a pair of small horns on your head.
You possess an exceptional clarity of mind.
Armour fits poorly on your strangely shaped body.
You are weak. (Str -2)


Message History

You feel much better.
You block the green draconian monk's attack. x4
The shadow dragon completely misses you.
The shadow dragon closely misses you.
The shadow dragon claws you but does no damage.
The green draconian monk hits you!!
* * * LOW HITPOINT WARNING * * *
You block the green draconian monk's attack.
The green draconian monk tail-slaps you but does no damage.
You block the green draconian monk's attack.
The green draconian monk hits you!!!
* * * LOW HITPOINT WARNING * * *
The green draconian monk kicks you but does no damage.
The green draconian monk misses you.
The green draconian monk barely misses you.
The shadow dragon bites you!
* * * LOW HITPOINT WARNING * * *
The shadow dragon claws you but does no damage. x2
Okay, then.
Okay, then.
Okay, then.
The air is filled with shimmering golden clouds!
Sifu Xiang Ba says: The storm will not cease as long as you keep fighting, disciple!
You block the shadow dragon's attack. x3; The green draconian monk hits you.
* * * LOW HITPOINT WARNING * * *
You block the green draconian monk's attack.
The green draconian monk tail-slaps you.
* * * LOW HITPOINT WARNING * * *
The green draconian monk tail-slaps you but does no damage.
You block the shadow dragon's attack.
The shadow dragon claws you but does no damage. x2
You block the green draconian monk's attack.
The green draconian monk barely misses you.
The green draconian monk completely misses you.
The green draconian monk tail-slaps you but does no damage.
The shadow dragon attacks as you move away!
You block the shadow dragon's attack. x2
The shadow dragon claws you but does no damage.
The shadow dragon is no longer berserk.
The green draconian monk hits you!
You die...

#,*,,,*,**,*##,,,##...##...#####.
*,*,,,*,*###.,,,,,##'##......#.#.
#,,,,,,,*#...,,,,....#......<#.#.
#,*,,,*,*#..,,,#.....#...#.....#.
#,*,,,*,##..####...#####.#.......
#,,***,,#..##..##.##...#.###.....
#*,,,,,*#..#d§☼§#☼§##.##...#'#...
**,,,***#y).§§q§§§.#.##..##.##.#
**,****#[###§D8§§......##...###
*,,,,*#).###☼§§####.###.....#
****,,q.###§§§§§......##...##
**#### #....#..#######.##
######### ###


You could see a shadow dragon (slow) and a green draconian monk (berserk).

Vanquished Creatures
  A dread lich (Vaults:5)
  An orb of fire (Zot:3)
  Mara (Vaults:5)
  3 ancient liches
  A juggernaut (Depths:2)
  Sojobo (Vaults:4)
  Saint Roka (Vaults:1)
  The ghost of mantisjm the Hoplite, a veteran HOFi of Qazlal (Vaults:1)
  A caustic shrike (Depths:2)
  14 golden dragons
  A curse toe (Zot:3)
  Nikola (Spider:1)
  2 bone dragons (Depths:4)
  Arachne (Spider:2)
  The ghost of tamionv the Wallflower, an adept GrFi of Uskayaw (Vaults:2)
  11 tentacled monstrosities
  Jorgrun (D:12)
  7 titans
  The ghost of Koef the Slayer, an adept MiFi of the Shining One (Depths:2)
  The ghost of Koef the Slayer, an adept MiFi of the Shining One (Depths:2)
  6 liches
  5 quicksilver dragons
  A walking divine tome (Depths:3)
  10 sphinxes
  4 death cobs
  Gastronok (Orc:1)
  13 storm dragons
  8 tengu reavers
  11 shadow dragons
  Donald (Swamp:2)
  3 fenstrider witches (Swamp:4)
  A frost giant (shapeshifter) (Vaults:5)
  2 draconian monks (Zot:1)
  2 deep elf sorcerers (Vaults:5)
  A fire giant (shapeshifter) (Vaults:5)
  6 ghost moths
  5 emperor scorpions
  9 fire giants
  8 frost giants
  2 iron dragons
  2 draconian stormcallers
  3 draconian scorchers
  16 vault wardens
  Louise (Swamp:2)
  2 draconian shifters
  16 ironbound preservers
  3 orc warlords
  5 war gargoyles
  A caustic shrike skeleton (Depths:2)
  51 very ugly things
  3 reapers
  3 draconian annihilators (Zot:1)
  A spriggan defender (Depths:2)
  11 ironbound thunderhulks
  18 stone giants
  3 green draconians
  2 bunyips
  5 dire elephants
  2 lorocyprocas
  7 black draconians
  6 white draconians
  4 yellow draconians
  4 red draconians
  2 eleionomae
  A white draconian (shapeshifter) (Vaults:5)
  2 deep elf annihilators
  A bunyip (shapeshifter) (Vaults:5)
  8 purple draconians
  4 spark wasps
  19 ettins
  13 fire dragons
  3 deep elf death magi (Vaults:5)
  2 crystal guardians
  7 yaktaur captains
  Josephine (D:12)
  A shambling mangrove (Swamp:4)
  Fannar (Lair:1)
  A deep elf high priest (Vaults:5)
  5 great orbs of eyes
  8 entropy weavers
  5 ogre magi
  38 vault guards
  Erolcha (Orc:2)
  6 ice dragons
  A jorogumo (Spider:4)
  20 hydras
  9 rakshasas
  9 ironbound frosthearts
  2 spriggan air magi
  4 ghost crabs
  3 radroaches
  2 two-headed ogres
  2 peacekeepers
  15 centaur warriors
  A death yak (Lair:2)
  4 deep troll shamans
  6 boulder beetles
  A death scarab (Spider:2)
  11 alligators
  3 deep troll earth magi
  6 tengu warriors
  2 vampire magi
  Urug (Orc:1)
  4 hell knights (Vaults:5)
  A spriggan berserker (Depths:3)
  Nergalle (Orc:2)
  A shock serpent (shapeshifter) (Depths:4)
  Sonja (D:11)
  A sun demon (Depths:3)
  A titan skeleton (Depths:2)
  5 skeletal warriors
  2 fire crabs (Swamp:4)
  3 goliath frogs
  4 pharaoh ants
  5 skysharks
  A shadow wraith (Vaults:5)
  47 deep trolls
  7 glowing orange brains
  A bog body (Swamp:2)
  9 iron trolls
  A golden dragon zombie (D:15)
  14 orb spiders
  4 spriggan druids
  18 swamp dragons
  12 wizards
  A flayed ghost (Depths:3)
  9 necromancers
  2 steelbarb worms
  3 phantasmal warriors
  8 lindwurms
  13 orc knights
  3 harpies (Vaults:2)
  17 ironbound convokers
  16 wolf spiders
  A harpy (shapeshifter) (D:14)
  A fire giant zombie (D:15)
  4 will-o-the-wisps
  3 manticores
  A tengu skeleton (D:15)
  A wolf spider (shapeshifter) (Depths:2)
  9 orc sorcerers
  49 ugly things
  A manticore (shapeshifter) (Vaults:2)
  24 moths of wrath
  3 cyclopes
  Maurice (D:8)
  20 vault sentinels
  4 elephants (Lair:3)
  2 rust devils
  7 demonic crawlers
  An ice statue (IceCv)
  12 black mambas
  A naga mage (Vaults:3)
  A gargoyle (D:13)
  A frost giant skeleton (D:15)
  2 smoke demons
  21 cane toads
  6 torpor snails
  6 rime drakes
  5 komodo dragons
  2 orange demons (Depths:3)
  Psyche (D:8)
  2 freezing wraiths
  2 tengu conjurers
  31 yaktaurs
  A polar bear (Lair:2)
  2 hydra zombies (Swamp:2)
  3 red devils
  A bloated husk (Swamp:1)
  3 hellwings
  8 trolls
  A tarantella (shapeshifter) (Depths:2)
  31 tarantellas
  27 blink frogs
  10 tyrant leeches
  19 hornets
  Prince Ribbit (D:8)
  An ettin zombie (Orc:1)
  20 jumping spiders
  10 spriggans
  22 slime creatures
  2 shadows
  5 wraiths
  19 culicivoras
  A water elemental (Depths:3)
  A ynoxinul (Depths:2)
  4 dire elephant simulacra (IceCv)
  2 wyverns
  39 yaks
  3 small abominations (WizLab)
  8 basilisks
  A golden eye (shapeshifter) (D:15)
  A chaos spawn (Depths:2)
  7 steam dragons
  5 death yak simulacra (IceCv)
  18 vampire mosquitoes
  A neqoxec (Depths:4)
  63 redbacks
  2 wargs
  Edmund (D:5)
  15 swamp worms
  3 acid dragons
  A hydra simulacrum (IceCv)
  20 water moccasins
  A floating eye (Depths:2)
  8 swamp drakes
  A glowing shapeshifter skeleton (Depths:2)
  20 orc warriors
  A sky beast (D:7)
  6 black bears
  14 ogres
  4 boggarts (Vaults:1)
  17 wolves
  19 centaurs
  A kobold brigand (D:11)
  An elf zombie (Ossuary)
  A gnoll sergeant (D:5)
  A cyclops zombie (Orc:1)
  4 scorpions
  22 bullfrogs
  A cane toad simulacrum (IceCv)
  7 two-headed ogre simulacra
  2 warg zombies (Orc:1)
  4 elephant simulacra (IceCv)
  7 killer bees (D:8)
  A troll zombie (Orc:1)
  A warg skeleton (Orc:1)
  A howler monkey (D:9)
  3 electric eels
  A lava snake (Swamp:4)
  2 centaur zombies (Ossuary)
  A jelly (D:5)
  21 orc priests
  Crazy Yiuf (D:6)
  2 hounds
  3 gnoll boudas
  3 iguanas
  32 orc wizards
  6 hell rats (Lair:3)
  8 troll simulacra (IceCv)
  2 polar bear simulacra (IceCv)
  6 spriggan simulacra (IceCv)
  A hound zombie (Ossuary)
  4 mummies
  13 gnolls
  2 naga simulacra (IceCv)
  9 adders
  2 orc skeletons (Orc:1)
  A shadow imp (D:5)
  9 white imps
  9 ufetubi
  5 adder zombies (Ossuary)
  3 worms
  4 dart slugs
  72 orcs
  3 ball pythons
  8 endoplasms
  3 giant cockroaches
  12 goblins
  10 hobgoblins
  5 jackals
  18 kobolds
  2 quokkas (D:2)
  7 bats
  3 frilled lizards
  2 gnoll zombies (Ossuary)
  8 goblin zombies (Ossuary)
  3 hobgoblin zombies (Ossuary)
  3 jackal zombies (Ossuary)
  3 kobold zombies (Ossuary)
  5 orc zombies
  3 quokka zombies (Ossuary)
  7 rats
  2 rat zombies (Ossuary)
  A spectral goblin (D:9)
1851 creatures vanquished.

Vanquished Creatures (others)
  A spriggan druid (Swamp:4)
  A bloated husk (Swamp:1)
  A human (Swamp:4)
  4 steam dragons (Swamp:4)
  4 swamp drakes (Swamp:4)
  39 foxfires
  55 fungi
  147 plants
  2 withered plants (D:15)
254 creatures vanquished.

Grand Total: 2105 creatures vanquished

Notes
Turn   | Place    | Note
-------+----------+-------------------------------------------
     0 | D:1      | Brarox the Troll Fighter began the quest for the Orb.
     0 | D:1      | Reached XP level 1. HP: 22/22 MP: 0/0
   105 | D:1      | Found Wekuh's Antique Weapon Shoppe.
   112 | D:1      | Reached XP level 2. HP: 29/29 MP: 1/1
   629 | D:1      | Reached XP level 3. HP: 36/36 MP: 2/2
   650 | D:1      | Reached skill level 3 in Unarmed Combat
  1262 | D:2      | Identified the ring of Incredulity {*Slow Fly MP+9 Str+4
                  | Int+4}
  1420 | D:2      | Reached XP level 4. HP: 44/44 MP: 3/3
  1728 | D:3      | Found a faded altar of an unknown god.
  1802 | D:3      | Reached skill level 4 in Unarmed Combat
  1802 | D:3      | Reached XP level 5. HP: 48/53 MP: 4/4
  2184 | D:3      | Found an ancient bone altar of Kikubaaqudgha.
  2357 | D:4      | Found a basalt altar of Yredelemnul.
  2368 | D:4      | Noticed a black bear
  2376 | D:4      | Killed a black bear
  2529 | D:4      | Reached XP level 6. HP: 36/61 MP: 5/5
  2652 | D:4      | Reached skill level 5 in Unarmed Combat
  2879 | D:4      | Noticed a steam dragon
  2885 | D:4      | Killed a steam dragon
  2886 | D:4      | Reached XP level 7. HP: 47/68 MP: 6/6
  2985 | D:4      | Reached skill level 6 in Unarmed Combat
  3429 | D:5      | Entered Level 5 of the Dungeon
  3483 | D:5      | Noticed Edmund
  3493 | D:5      | Killed Edmund
  3595 | D:5      | Found a staircase to the Ecumenical Temple.
  3602 | Temple   | Entered the Ecumenical Temple
  3642 | Temple   | Became a worshipper of the Wu Jian Council
  3697 | D:5      | Found a sand-covered staircase.
  3707 | Ossuary  | Entered an ossuary
  3833 | Ossuary  | Reached skill level 5 in Shields
  3833 | Ossuary  | Reached XP level 8. HP: 79/79 MP: 7/7
  3844 | Ossuary  | Reached * piety under Wu Jian
  3929 | Ossuary  | Reached skill level 7 in Unarmed Combat
  4230 | D:5      | Reached skill level 5 in Fighting
  4269 | D:5      | Reached skill level 8 in Unarmed Combat
  5111 | D:6      | Found a runed translucent door.
  5112 | D:6      | Noticed Crazy Yiuf
  5120 | D:6      | Killed Crazy Yiuf
  5281 | D:7      | Reached XP level 9. HP: 89/89 MP: 8/8
  5341 | D:7      | Reached ** piety under Wu Jian
  5637 | D:7      | Reached skill level 9 in Unarmed Combat
  5713 | D:7      | Found a hide-covered altar of Uskayaw.
  5878 | D:8      | Found a runed translucent gate.
  5891 | D:8      | Found a runed translucent gate.
  5891 | D:8      | Found a runed translucent gate.
  5892 | D:8      | Found an opulent altar of Gozag.
  5892 | D:8      | Noticed NimIero's ghost (novice AtFE)
  5894 | D:8      | a spriggan changed into a rime drake
  5894 | D:8      | Noticed a rime drake (shapeshifter)
  6138 | D:8      | Vault LvL 8
  6166 | D:8      | Noticed Maurice
  6174 | D:8      | Killed Maurice
  6193 | D:8      | Noticed Psyche
  6239 | D:8      | Noticed a troll
  6257 | D:8      | Killed a troll
  6258 | D:8      | Reached skill level 10 in Unarmed Combat
  6410 | D:8      | Noticed Prince Ribbit
  6421 | D:8      | Killed Prince Ribbit
  6446 | D:8      | Killed Psyche
  6447 | D:8      | Reached XP level 10. HP: 101/102 MP: 9/9
  6673 | D:8      | Noticed a quicksilver ooze
  6823 | D:9      | Identified the +0 pair of boots of Diuh {MP-9 Dex+6}
  6854 | D:9      | Reached *** piety under Wu Jian
  6860 | D:9      | Found a shimmering altar of Xom.
  7282 | D:9      | Found a hazy altar of Hepliaklqana.
  7373 | D:10     | Entered Level 10 of the Dungeon
  7578 | D:10     | Found a shimmering blue altar of Sif Muna.
  7620 | D:10     | Found a snail-covered altar of Cheibriados.
  7627 | D:10     | Found a sacrificial altar of Ru.
  7630 | D:10     | Found a sparkling altar of Nemelex Xobeh.
  7632 | D:10     | Found an opulent altar of Gozag.
  7637 | D:10     | Found a bloodstained altar of Trog.
  7734 | D:10     | Reached skill level 11 in Unarmed Combat
  7983 | D:11     | Found a staircase to the Lair.
  8010 | D:11     | Noticed Sonja
  8378 | D:11     | Killed Sonja
  8378 | D:11     | Reached skill level 5 in Dodging
  8378 | D:11     | Reached XP level 11. HP: 57/115 MP: 10/10
  8446 | D:11     | Noticed a centaur warrior
  8460 | D:11     | Killed a centaur warrior
  8536 | D:11     | Learned a level 6 spell: Statue Form
  8564 | D:11     | Reached skill level 12 in Unarmed Combat
  9254 | D:12     | Found Ympirghoc's Assorted Antiques.
  9277 | D:12     | Noticed Jorgrun
  9279 | D:12     | Noticed Josephine
  9296 | D:12     | Killed Jorgrun
  9296 | D:12     | Reached **** piety under Wu Jian
  9310 | D:12     | Noticed a six-headed hydra
  9458 | D:11     | Killed an eight-headed hydra
  9458 | D:11     | Reached skill level 10 in Fighting
  9787 | D:12     | Noticed a two-headed ogre
  9803 | D:12     | Killed a two-headed ogre
  9803 | D:12     | Reached skill level 13 in Unarmed Combat
  9819 | D:12     | Killed Josephine
  9875 | D:12     | Found a staircase to the Orcish Mines.
 10125 | Lair:1   | Entered Level 1 of the Lair of Beasts
 10140 | Lair:1   | Reached XP level 12. HP: 98/127 MP: 11/11
 10842 | Lair:1   | Reached ***** piety under Wu Jian
 10903 | Lair:1   | Reached skill level 14 in Unarmed Combat
 10977 | Lair:1   | Noticed Fannar
 10990 | Lair:1   | Killed Fannar
 11106 | Lair:2   | Noticed a boulder beetle
 11113 | Lair:2   | Killed a boulder beetle
 11201 | Lair:2   | Noticed a death yak
 11210 | Lair:2   | Killed a death yak
 11332 | Lair:2   | Got the Papyrus of Bright Support
 11489 | Lair:2   | Noticed a five-headed hydra
 11932 | Lair:2   | Reached skill level 10 in Shields
 12131 | Lair:2   | Reached XP level 13. HP: 128/139 MP: 12/12
 12883 | Lair:3   | Reached skill level 15 in Unarmed Combat
 12977 | Lair:3   | Found a hole to the Spider Nest.
 13367 | Lair:3   | Found a staircase to the Swamp.
 13497 | Lair:4   | Found a staircase to the Slime Pits.
 14541 | Lair:5   | Entered Level 5 of the Lair of Beasts
 14853 | Lair:5   | Reached skill level 16 in Unarmed Combat
 14872 | Lair:5   | Identified the +3 ring mail of Sanoliseu {rC+}
 14989 | Lair:5   | Reached XP level 14. HP: 129/150 MP: 13/13
 16396 | Orc:1    | Entered Level 1 of the Orcish Mines
 16487 | Orc:1    | Reached ****** piety under Wu Jian
 17074 | Orc:2    | Entered Level 2 of the Orcish Mines
 17237 | Orc:2    | Reached skill level 17 in Unarmed Combat
 17239 | Orc:2    | Found a frozen archway.
 17262 | IceCv    | Entered an ice cave
 17561 | IceCv    | Noticed a reaper
 17575 | IceCv    | Killed a reaper
 18127 | IceCv    | Found the +4 skin of Zhor {*Englaciate rC+++ SInv}
 18287 | Orc:2    | Found a staircase to the Elven Halls.
 18509 | Orc:2    | Found an ancient bone altar of Kikubaaqudgha.
 18509 | Orc:2    | Noticed Nergalle
 18526 | Orc:2    | Killed Nergalle
 18532 | Orc:2    | Found Xeocush's Book Shoppe.
 18552 | Orc:2    | Noticed Erolcha
 18557 | Orc:2    | Killed Erolcha
 18560 | Orc:2    | Found a radiant altar of Vehumet.
 18624 | Orc:2    | Found Cacepn's Distillery.
 18636 | Orc:2    | Found Sigur's Antique Armour Emporium.
 18666 | Orc:2    | Bought a potion of heal wounds for 70 gold pieces
 18666 | Orc:2    | Bought a potion of lignification for 42 gold pieces
 18666 | Orc:2    | Bought a potion of cancellation for 112 gold pieces
 18666 | Orc:2    | Bought a potion of curing for 42 gold pieces
 18666 | Orc:2    | Bought a potion of lignification for 42 gold pieces
 18717 | Orc:2    | Found Noloph's Magic Scroll Shoppe.
 18725 | Orc:2    | Bought a scroll of fear for 60 gold pieces
 18725 | Orc:2    | Bought a scroll of teleportation for 45 gold pieces
 18725 | Orc:2    | Bought a scroll of fog for 60 gold pieces
 18725 | Orc:2    | Bought a scroll of acquirement for 780 gold pieces
 18725 | Orc:2    | Bought a scroll of silence for 142 gold pieces
 18726 | Orc:2    | Acquired the ring of Evag {Wiz rC+ MP+9 Slay+3}
 18931 | Orc:1    | Noticed Gastronok
 18936 | Orc:1    | Noticed Urug
 18937 | Orc:1    | Killed Gastronok
 18960 | Orc:1    | Killed Urug
 19234 | D:13     | Reached XP level 15. HP: 152/159 MP: 14/14
 20121 | D:14     | Identified the +5 short sword of Yredelemnul, Piercing
                  | {heavy, rCorr}
 20553 | D:14     | Found the +5 scythe "Finisher" {speed, execute}
 20633 | D:14     | Identified the +6 demon trident "Buwn" {elec, rElec Int+5
                  | Dex-2}
 20815 | D:14     | Reached skill level 18 in Unarmed Combat
 21034 | D:14     | Identified the +5 dagger "Atigricw" {antimagic, rF- rN+++
                  | Str+6}
 21235 | D:14     | Found a gate to the Vaults.
 21285 | D:15     | Entered Level 15 of the Dungeon
 21593 | D:15     | Found a staircase to the Depths.
 21964 | D:15     | Reached skill level 19 in Unarmed Combat
 22127 | D:15     | Found an ancient bone altar of Kikubaaqudgha.
 22315 | D:15     | Identified the ring "Ywaemaiv" {Wiz rCorr SInv Stlth+}
 22575 | Spider:1 | Entered Level 1 of the Spider Nest
 23237 | Spider:1 | Reached XP level 16. HP: 160/170 MP: 15/15
 23595 | Spider:1 | Noticed Nikola
 23616 | Spider:1 | Killed Nikola
 23660 | Spider:1 | Reached skill level 20 in Unarmed Combat
 24624 | Spider:2 | Noticed Arachne
 24645 | Spider:2 | Killed Arachne
 25066 | Spider:3 | Reached skill level 21 in Unarmed Combat
 25482 | Spider:3 | Reached skill level 1 in Earth Magic
 25574 | Spider:3 | Reached skill level 1 in Transmutations
 25613 | Spider:3 | Reached skill level 1 in Spellcasting
 25980 | Spider:4 | Entered Level 4 of the Spider Nest
 26734 | Spider:4 | Reached XP level 17. HP: 178/178 MP: 19/19
 26927 | Spider:4 | Identified the +3 hat "Datitym" {Int+2}
 27220 | Spider:4 | Got a gossamer rune of Zot
 27715 | Spider:2 | Reached skill level 5 in Earth Magic
 27840 | Swamp:1  | Entered Level 1 of the Swamp
 27884 | Swamp:1  | Gained mutation: You have an increased reservoir of magic.
                  | (+10% MP) [potion of mutation]
 27898 | Swamp:1  | Learned a level 2 spell: Wereblood
 27901 | Swamp:1  | Learned a level 2 spell: Passwall
 27923 | Swamp:1  | Gained mutation: Your body sometimes deteriorates upon
                  | taking damage. [mutagenic glow]
 28786 | Swamp:2  | Reached skill level 5 in Transmutations
 29013 | Swamp:2  | Noticed Louise
 29013 | Swamp:2  | Noticed Donald
 29026 | Swamp:2  | Killed Louise
 29029 | Swamp:2  | Killed Donald
 29205 | Swamp:2  | Got the Catalogue of Reanimation Made Easy
 30319 | Swamp:4  | Entered Level 4 of the Swamp
 30505 | Swamp:4  | Found a runed translucent door.
 31114 | Swamp:4  | Reached XP level 18. HP: 175/185 MP: 24/24
 31428 | Swamp:4  | Got a decaying rune of Zot
 32018 | Vaults:1 | Entered Level 1 of the Vaults
 32638 | Vaults:1 | Noticed Saint Roka
 32662 | Vaults:1 | Killed Saint Roka
 32886 | Vaults:1 | Found a transporter.
 32888 | Vaults:1 | Noticed mantisjm's ghost (veteran HOFi)
 32889 | Vaults:1 | Found a bloodstained altar of Trog.
 32898 | Vaults:1 | Identified the +10 battleaxe of Plog {antimagic, Int+3
                  | Dex+3 Stlth+}
 32908 | Vaults:1 | Found a transporter.
 33041 | Vaults:1 | Reached skill level 10 in Earth Magic
 33753 | Vaults:1 | Lost mutation: Your body sometimes deteriorates upon taking
                  | damage. [potion of mutation]
 33753 | Vaults:1 | Lost mutation: You have an increased reservoir of magic.
                  | (+10% MP) [potion of mutation]
 33753 | Vaults:1 | Gained mutation: Your flesh is heat resistant. (rF+)
                  | [potion of mutation]
 33753 | Vaults:1 | Gained mutation: You occasionally lose the ability to drink
                  | potions when taking damage. [potion of mutation]
 33753 | Vaults:1 | Gained mutation: You are agile. (Dex +4, Str/Int -1)
                  | [potion of mutation]
 33754 | Vaults:1 | Lost mutation: You are agile. (Dex +4, Str/Int -1) [potion
                  | of mutation]
 33754 | Vaults:1 | Lost mutation: Your flesh is heat resistant. (rF+) [potion
                  | of mutation]
 33754 | Vaults:1 | Lost mutation: You occasionally lose the ability to drink
                  | potions when taking damage. [potion of mutation]
 33754 | Vaults:1 | Gained mutation: You are occasionally teleported next to
                  | monsters. [potion of mutation]
 33755 | Vaults:1 | Lost mutation: You are occasionally teleported next to
                  | monsters. [potion of mutation]
 33755 | Vaults:1 | Gained mutation: You possess an exceptional clarity of
                  | mind. [potion of mutation]
 33755 | Vaults:1 | Gained mutation: You have a pair of small horns on your
                  | head. [potion of mutation]
 34360 | Vaults:2 | Noticed tamionv's ghost (adept GrFi)
 34369 | Vaults:2 | Found a transporter.
 34397 | Vaults:2 | Found a transporter.
 35828 | Vaults:3 | Reached skill level 10 in Transmutations
 35840 | Vaults:3 | Reached XP level 19. HP: 125/193 MP: 22/22
 37855 | Vaults:3 | Found a basalt altar of Yredelemnul.
 37862 | Vaults:3 | Found a staircase to the Crypt.
 37863 | Vaults:3 | Found an ancient bone altar of Kikubaaqudgha.
 38257 | Vaults:3 | Identified the +0 robe "Geoviphu" {Will+}
 38268 | Vaults:3 | Found a radiant altar of Vehumet.
 38279 | Vaults:3 | Identified the +2 robe "Henyuris" {Rampage rF+ Str-2}
 38281 | Vaults:3 | Identified the +2 robe "Plog" {rC- Regen+ Int+5}
 38396 | Vaults:3 | Found the +2 hat of the Bear Spirit {Spirit, Bear, *Rage
                  | Will++}
 38894 | Vaults:4 | Noticed Sojobo
 38906 | Vaults:4 | Paralysed by an air elemental for 1 turns
 38907 | Vaults:4 | Killed Sojobo
 39573 | Vaults:4 | Reached XP level 20. HP: 185/202 MP: 23/23
 40558 | Vaults:1 | Killed mantisjm's ghost
 40732 | Depths:1 | Entered Level 1 of the Depths
 41129 | Depths:1 | Found a gateway to Hell.
 41594 | Depths:1 | Found a sacrificial altar of Ru.
 42126 | Depths:2 | Reached skill level 15 in Earth Magic
 42144 | Depths:2 | Identified the ring "Rihogeed" {rC+ Int+2 Stlth+}
 42481 | Depths:2 | Found a runed translucent gate.
 42481 | Depths:2 | Found a runed translucent gate.
 42481 | Depths:2 | Found a runed translucent gate.
 42511 | Depths:2 | Found an ancient bone altar of Kikubaaqudgha.
 42511 | Depths:2 | Noticed an ancient lich
 42512 | Depths:2 | Noticed Koef's ghost (adept MiFi)
 42512 | Depths:2 | Noticed an ancient lich
 42513 | Depths:2 | Noticed Koef's ghost (adept MiFi)
 42779 | Depths:2 | Found a one-way gate leading to the halls of Pandemonium.
 43009 | Depths:2 | Noticed a juggernaut
 43011 | Depths:2 | Noticed a golden dragon
 43091 | Depths:2 | Killed a juggernaut
 43176 | Depths:2 | Noticed a golden dragon
 43180 | Depths:2 | Killed a golden dragon
 43181 | Depths:2 | Killed a golden dragon
 43387 | Depths:2 | Noticed a caustic shrike
 43474 | Depths:2 | Killed a caustic shrike
 43475 | Depths:2 | Reached skill level 15 in Shields
 43478 | Depths:2 | Reached XP level 21. HP: 210/210 MP: 11/24
 43899 | Depths:2 | Killed an ancient lich
 43908 | Depths:2 | Killed an ancient lich
 43912 | Depths:2 | Killed Koef's ghost
 43924 | Depths:2 | Killed Koef's ghost
 43942 | Depths:2 | Identified the ring "Oliam" {rPois rF+ Stlth+}
 44224 | Depths:3 | Found a one-way gateway to a ziggurat.
 44459 | Depths:3 | Noticed a golden dragon
 44468 | Depths:3 | Killed a golden dragon
 44469 | Depths:3 | Noticed a golden dragon
 44472 | Depths:3 | Killed a golden dragon
 44798 | Depths:3 | Found a one-way gate to the infinite horrors of the Abyss.
 45086 | Depths:3 | Noticed a golden dragon
 45088 | Depths:3 | Killed a golden dragon
 45498 | Depths:4 | Entered Level 4 of the Depths
 45599 | Depths:4 | Found a magical portal.
 45622 | WizLab   | Entered Cigotuvi's Fleshworks
 45847 | Depths:4 | Noticed a golden dragon
 45857 | Depths:4 | Killed a golden dragon
 46008 | Depths:4 | Reached skill level 22 in Unarmed Combat
 46109 | Depths:4 | Got Quotidian Hermeneutics
 46455 | Depths:4 | Reached XP level 22. HP: 223/223 MP: 20/25
 46527 | Depths:4 | Gained mutation: You are weak. (Str -2) [a neqoxec]
 46529 | Depths:4 | Gained mutation: Armour fits poorly on your strangely
                  | shaped body. [a neqoxec]
 47092 | Depths:4 | Found a gate to the Realm of Zot.
 47403 | Vaults:2 | Killed tamionv's ghost
 47415 | Vaults:2 | Identified the +9 dagger "Moxe Rox" {antimagic, Will+++
                  | Str-5 Dex+2 SInv}
 47622 | Vaults:5 | Entered Level 5 of the Vaults
 47777 | Vaults:5 | Noticed a golden dragon
 47779 | Vaults:5 | Killed a golden dragon
 47784 | Vaults:5 | Noticed a dread lich
 47795 | Vaults:5 | Killed a dread lich
 47946 | Vaults:5 | Reached skill level 23 in Unarmed Combat
 48005 | Vaults:5 | Identified the staff of conjuration "Didaapn" {Int+2}
 48097 | Vaults:5 | Noticed an ancient lich
 48207 | Vaults:5 | Reached XP level 23. HP: 234/234 MP: 23/26
 48241 | Vaults:5 | Reached skill level 15 in Fighting
 48252 | Vaults:5 | Noticed Mara
 48253 | Vaults:5 | Killed an ancient lich
 48265 | Vaults:5 | Noticed Brarox's illusion
 48280 | Vaults:5 | Killed Mara
 48382 | Vaults:5 | Got Hitid Macva's Vellum of Hexing Black Secrets
 48403 | Vaults:5 | Identified the staff of earth "Cutsimuc" {+Blink Will+
                  | Str+4 Int-2}
 48486 | Vaults:5 | Identified the staff of air "Muibiukh" {rElec Int+2}
 48804 | Vaults:5 | Reached skill level 24 in Unarmed Combat
 48815 | Vaults:5 | Got a silver rune of Zot
 48818 | Vaults:5 | Identified the +2 plate armour of Noon {rElec Str+2 Int-3}
 48899 | Vaults:5 | Found Opsud's Magic Scroll Shoppe.
 48900 | Vaults:5 | Found Faof's Antique Armour Shop.
 48904 | Vaults:5 | Bought a scroll of fog for 80 gold pieces
 48904 | Vaults:5 | Bought a scroll of blinking for 150 gold pieces
 48904 | Vaults:5 | Bought 3 scrolls of fear for 240 gold pieces
 48965 | Vaults:5 | Found Plog's Distillery.
 48970 | Vaults:5 | Bought a potion of magic for 144 gold pieces
 48970 | Vaults:5 | Bought a potion of magic for 144 gold pieces
 48970 | Vaults:5 | Bought a potion of resistance for 180 gold pieces
 48970 | Vaults:5 | Bought a potion of curing for 54 gold pieces
 48970 | Vaults:5 | Bought a potion of invisibility for 144 gold pieces
 48970 | Vaults:5 | Bought a potion of brilliance for 72 gold pieces
 48974 | Vaults:5 | Found Omeli's Distillery.
 48979 | Vaults:5 | Bought a potion of haste for 110 gold pieces
 48979 | Vaults:5 | Bought a potion of brilliance for 44 gold pieces
 48979 | Vaults:5 | Bought a potion of curing for 33 gold pieces
 48979 | Vaults:5 | Bought a potion of invisibility for 88 gold pieces
 48979 | Vaults:5 | Bought 2 potions of heal wounds for 110 gold pieces
 48979 | Vaults:5 | Bought a potion of curing for 33 gold pieces
 48979 | Vaults:5 | Bought a potion of flight for 33 gold pieces
 49740 | Zot:1    | Entered Level 1 of the Realm of Zot
 50141 | Zot:1    | Found a sacrificial altar of Ru.
 50705 | Zot:1    | Identified the staff of earth "Ocso" {rN+ Str+8 Int+3
                  | Dex-2}
 51040 | Zot:2    | You fall into a shaft and drop 2 floors!
 51040 | Zot:4    | Noticed a curse toe
 51996 | Zot:3    | Noticed a curse toe
 52030 | Zot:3    | Killed a curse toe
 52232 | Zot:3    | Noticed an orb of fire
 52237 | Zot:3    | Killed an orb of fire
 52332 | Zot:3    | Reached XP level 24. HP: 243/247 MP: 17/26
 52857 | Zot:3    | Reached skill level 25 in Unarmed Combat
 52875 | Zot:3    | HP: 7/322 [shadow dragon (16)]
 52876 | Zot:3    | HP: 3/322 [green draconian monk (3)]
 52877 | Zot:3    | Mangled by a green draconian monk

Illustrated notes

#.# #.# . #.# . #.# .
#.# . #.# . #†# . #.# .
######@######
.............# ######
######.#####.# ......
... #.# ....# #### #.#
....# ##############.##
....# #...............#
########.###############
.........##


Turn 6138 on D:8: Vault LvL 8

Levels and vault maps discovered:
D:1:      psy_arrival_terrarium, layout_loops_corners, serial_shops,
          nicolae_shop_advertising_works [nicolae_subvault_shop_adworks]
D:2:      layout_basic, minivault_27
D:3:      layout_basic, mainiacjoe_overflow_paths, basic_ecumenical_altar,
          minmay_misc_feat_secret_circle
D:4:      minmay_octagon_keep, layout_loops_ring, mainiacjoe_overflow_brackets
D:5:      layout_loops_ring, minmay_temple_entry_arrows,
          gup_ossuary_entry_pyramid, chequers_serial_rivers_large_b,
          minmay_manual_mess, uniq_edmund
D:6:      layout_rooms, uniq_crazy_yiuf_cottage
D:7:      layout_rooms, lemuel_tele_altar
D:8:      layout_basic, ebering_ghost_gozag, uniq_maurice, uniq_psyche,
          uniq_prince_ribbit1
D:9:      layout_roguey, lemuel_doored_altar,
          nicolae_hepliaklqana_monster_ancestors
D:10:     layout_small_grid, nicolae_overflow_hallway_of_the_gods
D:11:     layout_small_grid, due_lair_maze_entry_diamond, uniq_sonja
D:12:     layout_rooms, erik_orc_4, serial_shops, nicolae_shop_tiny_glass,
          uniq_jorgrun, uniq_josephine
D:13:     layout_cave_pods
D:14:     layout_roguey, hangedman_vaults_entry_quadrant_bands, minivault_27,
          hangedman_decor_peaks_small, minmay_crystal_room,
          chequers_serial_rivers_marsh, minmay_guarded_unrand_finisher
D:15:     gammafunk_depths_entry_grave, layout_rooms, kiku_gazebo_garden_becter,
          grunt_ministairs_2, kennysheep_two_boxes
Temple:   jpeg_temple_clearing
Lair:1:   layout_regular_city, chequers_serial_rivers_micro_e, uniq_fannar
Lair:2:   nzn_winding_woodlands_huge [nzn_winding_woodlands_5x15_cabin,
          nzn_winding_woodlands_5x15_split_checker,
          nzn_winding_woodlands_5x15_zeroes, nzn_winding_woodlands_5x15_pool,
          nzn_winding_woodlands_5x15_default,
          nzn_winding_woodlands_5x15_sidewinder,
          nzn_winding_woodlands_5x15_jagged,
          nzn_winding_woodlands_5x15_river_crossing,
          nzn_winding_woodlands_5x15_garden, nzn_winding_woodlands_5x15_crooked,
          nzn_winding_woodlands_center_diamonds,
          nzn_winding_woodlands_center_garden,
          nzn_winding_woodlands_15x15_eel_pit], layout_hall_layers
Lair:3:   layout_cave_shapes, minmay_swamp_entry_swarm,
          hellmonk_spider_entry_life_and_decay, cheibrodos_lair_reptile_den
Lair:4:   layout_cave_pods, slime_entry_1
Lair:5:   minmay_lair_end_frog_pond, layout_regular_city,
          nicolae_quartered_pool_super
Swamp:1:  layout_basic_swamp, evilmike_swamp_ruin_house_2,
          nicolae_swamp_spriggan_camp
Swamp:2:  layout_basic_swamp, wheals_swamp_sinkhole, swamp_pool4,
          nicolae_swamp_necromancy_gone_wrong, infiniplex_staircase_pool_2,
          uniq_louise, uniq_donald
Swamp:3:  layout_falls_marsh, nicolae_swamp_trees_clearing
Swamp:4:  swamp_fiery, layout_basic_swamp, swamp_pool1,
          nzn_swamp_weyward_sisters
Spider:1: layout_spider_delve, uniq_nikola
Spider:2: layout_spider_delve, drop_trap, spiders_nest_spider_trap, uniq_arachne
Spider:3: layout_spider_delve
Spider:4: spider_rune_water
Orc:1:    dreamdust_under_siege, layout_caves, uniq_gastronok, uniq_urug
Orc:2:    kennysheep_orc_mage_school, layout_caves, portal_ice_cave_rime
Vaults:1: gammafunk_ghost_wrathful_warriors, nicolae_vaults_double_plus_3,
          vaults_room_ringed_pool, v_misc_16, vaults_standard_mumra_x,
          nicolae_vaults_halls_meeting, nicolae_vaults_trapezoid_lopsided_3,
          nicolae_vaults_circle_grid_b, v_alt_pattern_4,
          hangedman_vaults_capsules, nicolae_vaults_sesquioval_fish,
          nicolae_vaults_trapezoid_2, nicolae_vaults_storage_room_glass,
          layout_vaults_maze_snakey, uniq_saint_roka
Vaults:2: gammafunk_ghost_arena, grunt_vaults_funnel,
          ontoclasm_vaults_ring_small, nicolae_vaults_lightning_bolt,
          nicolae_vaults_ring_of_whatevers, nicolae_vaults_closet_pinwheel_2,
          v_misc_16, v_pattern_1, nicolae_vaults_apartment_1,
          layout_vaults_omnigrid
Vaults:3: nicolae_vaults_six-pack, minmay_crypt_entry_necro_gods, v_misc_5,
          vaults_mumra_chevron, hangedman_vaults_variations, v_misc_18,
          nicolae_vaults_circle_grid_a, v_misc_31, grunt_tower_of_power,
          nicolae_vaults_little_squares_6, nicolae_vaults_tangram_1,
          layout_vaults_ring
Vaults:4: grunt_vaults_hallway_long, vaults_dpeg_ring,
          ontoclasm_vaults_ring_large, v_misc_18, nicolae_vaults_alarming,
          vaults_dpeg_spiral, st_squares, hangedman_vaults_stitches,
          hangedman_vaults_trim, nicolae_vaults_variable_pillar_hall,
          nicolae_vaults_wine_cellar, grunt_vaults_focal,
          layout_vaults_omnicross, uniq_sojobo
Vaults:5: serial_shops, uniq_mara
Depths:1: layout_basic, hell_entry, nicolae_ru_the_path_less_chosen
Depths:2: minmay_the_grid_plus_closed [minmay_the_grid_pillar_ring,
          minmay_the_grid_armoury, minmay_the_grid_embedded,
          minmay_the_grid_stretched_grid, minmay_the_grid_prize_four_corners],
          layout_cave_shapes, rand_demon_pan_entry_4, hell_entry,
          gammafunk_ghost_crypt, onia_ninara_dug_in_and_dangerous
Depths:3: minmay_textured_paths, layout_gridlike, enter_ziggurat_d, abyss_entry,
          grunt_pan_entry_sceptre, hell_entry, chequers_serial_rivers_small_3
Depths:4: grunt_zot_entry_pinwheel, layout_gridville, hell_entry,
          rand_demon_pan_entry_7, mu_enter_wizlab_1, serial_bayou_shore_b
Zot:1:    layout_basic, basic_altar, st_large_dragon_hoard_3
Zot:2:    layout_misc_corridors
Zot:3:    layout_twisted_circle, st_stairs_4, zot_minivault_4, uniq_josephina
Zot:4:    layout_basic

Skill      XL: |  1  2  3  4  5  6  7  8  9 10 11 12 13 14 15 16 17 18 19 20 21 22 23 24 |
---------------+-------------------------------------------------------------------------+-----
Shields        | 3 4 5 6 7 8 9 10 11 13 15 16 | 16.6
Unarmed Combat | 3 4 5 6 8 10 11 13 14 16 17 19 21 22 23 24 25 | 25.0
Fighting       | 3 4 5 7 9 10 11 12 13 14 15 | 15.8
Dodging        | 3 5 6 7 8 9 |  9.9
Earth Magic    | 3 8 11 14 15 16 17 18 | 18.2
Transmutations | 3 7 10 12 13 14 | 14.1
Spellcasting   | 2 3 |  3.3

Action                     |  1- 3 |  4- 6 |  7- 9 | 10-12 | 13-15 | 16-18 | 19-21 | 22-24 || total
---------------------------+-------+-------+-------+-------+-------+-------+-------+-------++-------
  Melee: Unarmed           |   106 |   154 |   395 |   629 |  1346 |  1436 |  1004 |   709 ||  5779
         Headbutt          |       |       |       |       |       |    49 |   270 |   210 ||   529
         Staff             |       |       |       |       |       |       |     5 |       ||     5
  Throw: Dart              |       |     4 |     9 |    16 |     6 |       |       |       ||    35
         Large rock        |       |       |       |    15 |    42 |    72 |     1 |     3 ||   133
   Cast: Wereblood         |       |       |       |       |       |     9 |    70 |    83 ||   162
         Statue Form       |       |       |       |       |       |       |    97 |   100 ||   197
 Invoke: Serpent's Lash    |       |       |       |     9 |    11 |    30 |    13 |     9 ||    72
         Heavenly Storm    |       |       |       |       |     1 |     3 |       |     2 ||     6
Ability: Lunge             |       |       |    47 |    80 |   154 |   186 |   116 |    49 ||   632
         Whirlwind         |       |       |     1 |    43 |   102 |   202 |   149 |    85 ||   582
         Wall Jump         |       |       |       |     2 |    12 |    14 |    14 |     1 ||    43
  Evoke: Wand              |       |       |     3 |     5 |    43 |    37 |     1 |     1 ||    90
         Box of beasts     |       |       |       |       |       |     1 |       |       ||     1
    Use: Scroll            |     3 |     7 |    13 |    10 |    10 |    19 |    14 |    15 ||    91
         Potion            |       |       |       |     5 |    13 |    13 |     3 |    10 ||    44
   Stab: Sleeping          |     1 |     1 |     1 |       |       |       |     1 |     4 ||     8
         Confused          |       |       |       |       |       |     1 |       |       ||     1
         Distracted        |       |       |       |       |       |       |       |     1 ||     1
 Armour: Robe              |    24 |    40 |   103 |       |     8 |    30 |     9 |     1 ||   215
         Troll leather arm |       |       |     3 |    29 |       |       |       |       ||    32
         Steam dragon scal |       |       |       |   126 |   142 |       |       |       ||   268
         Skin              |       |       |       |       |    52 |    12 |   281 |   284 ||   629
         Animal skin       |       |       |       |       |    79 |   179 |       |       ||   258
  Dodge: Dodged            |    30 |    45 |   107 |   207 |   285 |   302 |   220 |   177 ||  1373
  Block: Kite shield       |    31 |    50 |   162 |   279 |   646 |   709 |   441 |       ||  2318
         Reflection        |       |       |       |       |    38 |    47 |    49 |    15 ||   149
         Tower shield      |       |       |       |       |       |       |   294 |   844 ||  1138
